 Dungeon Crawl Stone Soup version 0.22-a0-521-gb1378044ac (webtiles) character file.

161 Kaname the Conjurer (level 5, 0/35 HPs)
             Began as a Demonspawn Wizard on June 20, 2018.
             Succumbed to a worker ant's poison
             ... on level 3 of the Dungeon.
             The game lasted 00:09:06 (2993 turns).

Kaname the Conjurer (Demonspawn Wizard)             Turns: 2993, Time: 00:09:07

Health: 0/35       AC:  3    Str:  7    XL:     5   Next: 18%
Magic:  1/9        EV: 12    Int: 20    God:
Gold:   137        SH:  0    Dex: 12    Spells: 4/10 levels left

rFire    . . .     SeeInvis .   c - +0 dagger
rCold    . . .     Gourm    .   (no shield)
rNeg     . . .     Faith    .   n - +1 animal skin
rPois    .         Spirit   .   b - +0 hat
rElec    .         Reflect  .   (no cloak)
rCorr    .         Harm     .   (no gloves)
MR       .....                  (no boots)
Stlth    +++.......             (no amulet)
HPRegen  0.11/turn              (no ring)
MPRegen  0.11/turn              (no ring)

@: lethally poisoned (0 -> -2), about to teleport
A: horns 1, nightstalker 1, powered by death 2
a: no special abilities


You were on level 3 of the Dungeon.
You were not hungry.

You visited 1 branch of the dungeon, and saw 3 of its levels.

You collected 137 gold pieces.

Inventory:

Hand Weapons
 c - a +0 dagger (weapon)
Missiles
 l - 48 arrows
Armour
 b - a +0 hat (worn)
 n - a +1 animal skin (worn)
Jewellery
 k - an uncursed amulet of regeneration {unknown}
Scrolls
 a - a scroll of immolation
 e - a scroll of random uselessness {unknown}
 f - a scroll of fog {unknown}
 h - a scroll of teleportation
 j - a scroll of enchant armour {unknown}
 m - a scroll of fear
Potions
 i - a potion of haste
Comestibles
 d - 5 rations


   Skills:
 - Level 1.7 Dodging
 - Level 1.7 Stealth
 - Level 3.0 Spellcasting
 + Level 5.1 Conjurations
   Level 1.0 Summonings
 - Level 0.8 Translocations


You had 4 spell levels left.
You knew the following spells:

 Your Spells              Type           Power        Failure   Level  Hunger
a - Magic Dart            Conj           ###.         1%          1    None
b - Blink                 Tloc           N/A          16%         2    ##.....
c - Mephitic Cloud        Conj/Pois/Air  #.......     22%         3    ###....

Your spell library contained the following spells:

 Spells                   Type           Power        Failure   Level  Hunger
 Conjure Flame            Conj/Fire      ##......     16%         3    ###....
 Slow                     Hex            #.......     22%         2    ##.....
 Call Imp                 Summ           #.......     14%         2    ##.....


Dungeon Overview and Level Annotations

Branches:
Dungeon (3/15)

Altars:


Innate Abilities, Weirdness & Mutations

You have a pair of small horns on your head.
You are slightly more attuned to the shadows.
You regenerate health from kills.


Message History

The magic dart hits the worker ant.
You kill the worker ant!
Your Conjurations skill increases to level 5!
* * * LOW HITPOINT WARNING * * *
You feel sick.
Okay, then.
* * * LOW HITPOINT WARNING * * *
You feel sick.
* * * LOW HITPOINT WARNING * * *
You feel sick.
Found a fustibalus.
A dart slug comes into view.
* * * LOW HITPOINT WARNING * * *
You feel sick.
* * * LOW HITPOINT WARNING * * *
You feel sick.
Okay, then.
As you read the scroll of teleportation, it crumbles to dust.
You feel strangely unstable.
You die...

###############
.............##
##............##
#..............#
#..........<...####
#.................####
######....#.@..............
........##.##......<.......
###.#.##.⌠.##.............
#..####.####............
#..#.###.#.#............
#.#.⌠.###.8.#...........
#..#.#.###.#............
#..##.#.#.##......).....
#.. ##.♣.###............


There were no monsters in sight!

Vanquished Creatures
  2 worker ants
  Robin (D:2)
  4 adders (D:2)
  An ooze (D:2)
  A worm (D:2)
  A dart slug (D:1)
  3 giant cockroaches
  10 goblins
  9 hobgoblins
  2 quokkas (D:2)
  4 ball pythons
  9 bats
  2 frilled lizards (D:2)
  6 kobolds
  5 rats
60 creatures vanquished.

Notes
Turn   | Place    | Note
-------+----------+-------------------------------------------
     0 | D:1      | Kaname the Demonspawn Wizard began the quest for the Orb.
     0 | D:1      | Reached XP level 1. HP: 13/13 MP: 4/4
   221 | D:1      | Reached skill level 2 in Conjurations
   591 | D:1      | Gained mutation: You are slightly more attuned to the shadows. [demonic ancestry]
   591 | D:1      | Reached XP level 2. HP: 19/19 MP: 4/6
  1262 | D:2      | Reached skill level 3 in Conjurations
  1262 | D:2      | Gained mutation: You regenerate a little health from kills. [demonic ancestry]
  1262 | D:2      | Reached XP level 3. HP: 24/24 MP: 2/7
  1513 | D:2      | Learned a level 2 spell: Blink
  1517 | D:2      | Learned a level 3 spell: Mephitic Cloud
  1554 | D:2      | Noticed Robin
  1579 | D:2      | Gained mutation: You have a pair of small horns on your head. [demonic ancestry]
  1579 | D:2      | Reached XP level 4. HP: 10/30 MP: 2/8
  1697 | D:2      | Reached skill level 4 in Conjurations
  2160 | D:2      | Killed Robin
  2632 | D:3      | Gained mutation: You regenerate health from kills. [demonic ancestry]
  2632 | D:3      | Reached XP level 5. HP: 35/35 MP: 2/9
  2979 | D:3      | Reached skill level 5 in Conjurations
  2989 | D:3      | HP: 1/35 [poisoned by a worker ant]
  2993 | D:3      | Succumbed to a worker ant's poison

Vault maps used:
D:1:      tarquinn_simple_flora_water_a
D:2:      uniq_robin
D:3:      portal_sewer_entry_e, minmay_statues_item, grunt_decor_mini_mirrors,
          wad_orctagon

Skill      XL: |  1  2  3  4  5 |
---------------+----------------+-----
Conjurations   | 2 3 4 5 |  5.1
Dodging        | |  1.7
Stealth        | |  1.7
Spellcasting   | |  3.0
Summonings     | |  1.0
Translocations | |  0.8

Action                   |  1- 3 |  4- 6 || total
-------------------------+-------+-------++-------
Melee: Dagger            |    43 |     4 ||    47
 Cast: Magic Dart        |    81 |    58 ||   139
       Blink             |     1 |       ||     1
  Use: Potion            |     3 |     3 ||     6
       Scroll            |       |     6 ||     6
 Stab: Sleeping          |     1 |     1 ||     2
  Eat: Chunk             |     2 |     4 ||     6
Armor: Robe              |     9 |       ||     9
       Animal skin       |       |     1 ||     1
Dodge: Dodged            |    49 |    13 ||    62

Table legend:
 A = Spawn XP
 B = Non-spawn XP
 C = Spawn XP percentage of total XP
 D = Spawn monster count
 E = Non-spawn monster count
 F = Spawn count percentage of total count
 G = Total turns spent on level
                    A         B        C        D         E        F      G
               +---------+---------+-------+---------+---------+-------+---------
         Total |       0 |     230 |   0.0 |       0 |      60 |   0.0 |  2993
               +---------+---------+-------+---------+---------+-------+---------
           D:1 |       0 |      34 |   0.0 |       0 |      22 |   0.0 |  1332
           D:2 |       0 |     156 |   0.0 |       0 |      34 |   0.0 |  1585
           D:3 |       0 |      40 |   0.0 |       0 |       4 |   0.0 |    76
               +---------+---------+-------+---------+---------+-------+---------
